 Dungeon Crawl Stone Soup version 0.31.0-11-ge490571c62 (webtiles) character file.

Game seed: 2044677679937957512

170 qw the Skirmisher (level 5, -3/29 HPs)
             Began as a Deep Elf Hunter on Feb 4, 2024.
             Slain by a gnoll
             ... wielding a +0 spear
              (6 damage)
             ... on level 4 of the Dungeon.
             The game lasted 00:00:10 (2032 turns).

qw the Skirmisher (Deep Elf Hunter)                 Turns: 2032, Time: 00:00:10

Health: -3/29      AC:  5    Str: 10    XL:     5   Next: 25%
Magic:  7/7        EV: 12    Int: 14    God:
Gold:   166        SH:  0    Dex: 18    Spells: 4/4 levels left

rFire   + . .        a - +0 shortbow
rCold   . . .        (shield currently unavailable)
rNeg    + + .        j - +0 leather armour of Somewhere Else {rF+ rN++}
rPois   .            m - +0 helmet
rElec   .            (no cloak)
rCorr   .            d - +0 pair of gloves
SInv    .            (no boots)
Will    .....        (no amulet)
Stlth   ++           (no ring)
HPRegen 0.24/turn    (no ring)
MPRegen 0.10/turn

%: no passive effects
@: about to teleport
A: no striking features
a: no special abilities


You were on level 4 of the Dungeon.
You visited 1 branch of the dungeon, and saw 4 of its levels.

You collected 166 gold pieces.


   Skills:
 - Level 1.5 Fighting
 + Level 8.7 Ranged Weapons
 - Level 2.4 Dodging
 - Level 1.2 Stealth


You had 4 spell levels left.
You didn't know any spells.
Your spell library was empty.

Inventory:

Hand Weapons
 a - a +0 shortbow (weapon)
Armour
 d - a +0 pair of gloves (worn)
 i - a +0 ring mail
 j - the +0 leather armour of Somewhere Else (worn) {rF+ rN++}
   (You found it on level 3 of the Dungeon)

   rF+:       It protects you from fire.
   rN++:      It greatly protects you from negative energy.
 m - a +0 helmet (worn)
Jewellery
 g - a ring of protection from fire
 n - a ring of fire
Scrolls
 p - a scroll of identify
Potions
 c - a potion of cancellation {unknown}
 e - a potion of might
 f - a potion of attraction {unknown}
 h - a potion of curing {unknown}
 k - a potion of heal wounds {unknown}
 l - a potion of degeneration {unknown}
 o - a potion of resistance {unknown}

Dungeon Overview and Level Annotations

Branches:
Dungeon (4/15)
 Temple: D:4-7

Altars:
Ru
Vehumet
Xom


Message History

A gnoll comes into view. It is wielding a +0 club.
You shoot an arrow. The arrow barely misses the gnoll.
You shoot an arrow. The arrow hits the gnoll.
The gnoll is moderately wounded.
You shoot an arrow. The arrow hits the gnoll!
You kill the gnoll!
You shoot an arrow.
The arrow hits the gnoll but does no damage.
The gnoll is moderately wounded.
You shoot an arrow. The arrow hits the gnoll.
The gnoll is heavily wounded.
You shoot an arrow. The arrow barely misses the gnoll.
A gnoll comes into view. It is wielding a +0 spear.
You shoot an arrow. The arrow hits the gnoll.
The gnoll is severely wounded.
The gnoll hits you with a +0 whip. The gnoll hits you with a +0 club.
You shoot an arrow. The arrow hits the gnoll.
You kill the gnoll!
The gnoll hits you with a +0 club.
You shoot an arrow. The arrow hits the gnoll.
The gnoll is heavily wounded.
The gnoll hits you with a +0 club.
You shoot an arrow. The arrow hits the gnoll!
You kill the gnoll!
You shoot an arrow. The arrow hits the gnoll.
The gnoll is heavily wounded.
The gnoll barely misses you.
You shoot an arrow.
The arrow hits the gnoll but does no damage.
The gnoll is heavily wounded.
The gnoll hits you from afar with a +0 spear!
2031 ||| READING scroll of teleportation.
As you read the scroll of teleportation, it crumbles to dust.
You feel strangely unstable.
The gnoll hits you from afar with a +0 spear.
You shoot an arrow.
The arrow hits the gnoll but does no damage.
The gnoll is heavily wounded.
The gnoll hits you from afar with a +0 spear.
You die...

#....##.....#.#.#......#.###....
#.... #..#..# #.......##.##.....
.... ...#..# #.......##.##.....
#.# ....# ##.#.......##.##.....
.. .....# #............###..##
....## ##.........##..##
.....#######.........#..##
..)...)..........')##
....###@#............#
.....g).+..>.........#
........#............#
........#####.......[# ..##....#
#........# # #....# #........#
###### ##......##


You could see a gnoll.

Vanquished Creatures
  A bombardier beetle (D:2)
  An orc wizard (D:3)
  3 gnolls (D:4)
  2 adders (D:2)
  A ribbon worm (D:2)
  A dart slug (D:1)
  An orc (D:4)
  3 bats
  5 endoplasms
  2 giant cockroaches
  3 goblins
  4 hobgoblins
  9 jackals
  4 kobolds
  4 quokkas
  3 frilled lizards
  7 rats
54 creatures vanquished.

Notes
Turn   | Place    | Note
-------+----------+-------------------------------------------
     0 | D:1      | qw the Deep Elf Hunter began the quest for the Orb.
     0 | D:1      | Reached XP level 1. HP: 12/12 MP: 3/3
     0 | D:1      | 0 ||| qw: Version: 0.3-a-160-g6735b56
     0 | D:1      | 0 ||| qw: Game counter: 4761
     0 | D:1      | 0 ||| qw: Melee chars always use a shield: true
     0 | D:1      | 0 ||| qw: God list: Okawaru
     0 | D:1      | 0 ||| qw: Allow faded altars: false
     0 | D:1      | 0 ||| qw: Do Orc after clearing Dungeon:15 true
     0 | D:1      | 0 ||| qw: Do second Lair branch before Depths: true
     0 | D:1      | 0 ||| qw: Lair rune preference: random
     0 | D:1      | 0 ||| qw: Goals: Normal
     0 | D:1      | 0 ||| PLANNING D:1-11
   230 | D:1      | Reached XP level 2. HP: 16/16 MP: 4/4
   233 | D:1      | Reached skill level 6 in Ranged Weapons
   694 | D:1      | 694 ||| UPGRADING to +0 scale mail.
   704 | D:1      | 704 ||| DROPPING +0 leather armour.
   705 | D:1      | 705 ||| UPGRADING to +0 ring mail.
   715 | D:1      | 715 ||| DROPPING +0 scale mail.
   716 | D:1      | 716 ||| DROPPING amulet of magic regeneration.
   717 | D:1      | 717 ||| READING scroll labelled TUYTOA LAVYOK.
   818 | D:1      | 818 ||| READING scroll labelled ONANGOM GUUQI.
   819 | D:1      | 819 ||| READING scroll labelled QIT ZACHOS.
   851 | D:1      | 851 ||| DROPPING scroll of butterflies.
   869 | D:2      | HP: 4/16 [adder (2)]
   874 | D:2      | HP: 3/16 [adder (1)]
   876 | D:2      | Reached XP level 3. HP: 4/20 MP: 5/5
  1041 | D:2      | Reached skill level 7 in Ranged Weapons
  1148 | D:2      | Found a radiant altar of Vehumet.
  1294 | D:2      | 1294 ||| READING 2 scrolls labelled QUOSUN MOLASUP.
  1298 | D:2      | 1298 ||| READING scroll labelled XOGEMADASM.
  1298 | D:2      | 1298 ||| IDENTIFYING inky potion
  1299 | D:2      | 1299 ||| DRINKING 3 fizzy golden potions.
  1300 | D:2      | 1300 ||| DROPPING potion of brilliance.
  1301 | D:2      | 1301 ||| DROPPING 2 potions of invisibility.
  1329 | D:3      | 1329 ||| STAIRDANCE
  1337 | D:2      | Reached XP level 4. HP: 21/25 MP: 6/6
  1457 | D:3      | Identified the +10 dagger of Zeaba {spect, Fly Str+2 SInv}
  1466 | D:3      | Found a shimmering altar of Xom.
  1466 | D:3      | Found a shimmering altar of Xom.
  1467 | D:3      | Found a shimmering altar of Xom.
  1467 | D:3      | Found a shimmering altar of Xom.
  1483 | D:3      | Found a shimmering altar of Xom.
  1485 | D:3      | Found a shimmering altar of Xom.
  1486 | D:3      | Found a shimmering altar of Xom.
  1528 | D:3      | Identified the +0 leather armour of Somewhere Else {rF+
                  | rN++}
  1639 | D:3      | Found a sacrificial altar of Ru.
  1643 | D:3      | Reached skill level 8 in Ranged Weapons
  1815 | D:3      | 1815 ||| UPGRADING to +0 pair of gloves.
  1820 | D:3      | 1820 ||| UPGRADING to +0 leather armour of Somewhere Else
                  | {rF+ rN++}.
  1830 | D:3      | 1830 ||| UPGRADING to +0 helmet.
  1835 | D:3      | 1835 ||| READING scroll labelled WUSTREW HYEC.
  1836 | D:3      | 1836 ||| DRINKING 2 brown potions.
  1837 | D:3      | 1837 ||| DRINKING 2 fizzy black potions.
  1889 | D:3      | 1889 ||| DROPPING potion of lignification.
  1945 | D:4      | Reached XP level 5. HP: 29/29 MP: 7/7
  2030 | D:4      | HP: 5/29 [gnoll/+0 spear (8)]
  2031 | D:4      | 2031 ||| READING scroll of teleportation.
  2032 | D:4      | Slain by a gnoll

Levels and vault maps discovered:
D:1:      wander_arrival_abandoned_jail, layout_basic, supply_closet_lemuel,
          minmay_misc_feat_rows
D:2:      layout_rooms, basic_altar
D:3:      layout_rooms, nicolae_ru_great_annihilating_truth, xom_redecorated
D:4:      layout_basic, mainiacjoe_overflow_tiny_flanked, kennysheep_mini

Skill      XL: |  1  2  3  4 |
---------------+-------------+-----
Ranged Weapons | 6 7 8 |  8.7
Fighting       | |  1.5
Dodging        | |  2.4
Stealth        | |  1.2

Action                     |  1- 3 |  4- 6 || total
---------------------------+-------+-------++-------
   Fire: Shortbow          |   135 |    69 ||   204
    Use: Scroll            |     5 |     2 ||     7
         Potion            |     1 |     2 ||     3
 Armour: Leather armour    |     9 |     8 ||    17
         Ring mail         |    15 |    32 ||    47
  Dodge: Dodged            |    39 |    45 ||    84

Table legend:
 A = Non-vault XP
 B = Vault XP
 C = Vault XP percentage of total XP
 D = Non-vault monster count
 E = Vault monster count
 F = Vault count percentage of total count
                 A         B        C        D         E       F
            +---------+---------+-------+---------+---------+-------
      Total |     202 |      41 |  16.9 |      50 |       4 |   7.4
            +---------+---------+-------+---------+---------+-------
        D:1 |      32 |       0 |   0.0 |      17 |       0 |   0.0
        D:2 |     104 |       0 |   0.0 |      19 |       0 |   0.0
        D:3 |      13 |      41 |  75.9 |       7 |       4 |  36.4
        D:4 |      53 |       0 |   0.0 |       7 |       0 |   0.0
            +---------+---------+-------+---------+---------+-------
